Selects Indian Artillery Battlegroup
Construct Section Command Post
Construct Section Command Post
Selects Towed ML 4.2-inch Heavy Mortar
Towed ML 4.2-inch Heavy Mortar
Construct Platoon Command Post
Construct Company Command Post
6-pounder Anti-tank Gun Team
Selects Gurkha Rifles Section
Construct Field Infirmary
Selects Off-map Airburst Barrage
Unlock M3 Grant Medium Tanks
Selects BL5.5 Artillery Emplacement
Selects Volunteer Infantry
Unlock Towed 17-pounder Anti-tank Guns
17-pounder Anti-tank Gun Team